 Dungeon Crawl Stone Soup version 0.22-a0-445-g8c8ef71 (webtiles) character file.

676 pk666 the Magician (level 7, -6/36 HPs)
             Began as a Deep Elf Wizard on June 3, 2018.
             Mangled by a gnoll
             ... wielding a +0 club
              (13 damage)
             ... on level 5 of the Dungeon.
             The game lasted 00:24:03 (6357 turns).

pk666 the Magician (Deep Elf Wizard)                Turns: 6357, Time: 00:24:03

Health: -6/36      AC:  2    Str:  4    XL:     7   Next: 33%
Magic:  2/18       EV: 14    Int: 25    God:
Gold:   211        SH:  0    Dex: 13    Spells: 9/18 levels left

rFire    . . .     SeeInvis .   f - +0 dagger (protect)
rCold    . . .     Gourm    .   (no shield)
rNeg     . . .     Faith    .   a - +0 robe
rPois    .         Spirit   .   b - +0 hat
rElec    .         Reflect  .   (no cloak)
rCorr    +         Harm     +   (no gloves)
MR       .....                  (no boots)
Stlth    ++........             g - amulet of harm
HPRegen  0.12/turn              n - ring of resist corrosion
MPRegen  0.16/turn              (no ring)

@: lethally poisoned (-6 -> -12)
A: no striking features
a: no special abilities


You were on level 5 of the Dungeon.
You were near starving.

You visited 1 branch of the dungeon, and saw 5 of its levels.

You collected 247 gold pieces.
You spent 36 gold pieces at shops.

Inventory:

Hand Weapons
 f - a +0 dagger of protection (weapon)
Missiles
 j - 4 tomahawks of returning (quivered)
 w - 30 arrows
Armour
 a - a +0 robe (worn)
 b - a +0 hat (worn)
Jewellery
 g - an amulet of harm (around neck)
 h - an uncursed amulet of faith {unknown}
 n - a ring of resist corrosion (left hand)
 z - a cursed amulet of inaccuracy {unknown}
 A - an uncursed amulet of regeneration
Wands
 x - a wand of enslavement (17)
Scrolls
 i - 3 scrolls of remove curse
 l - 2 scrolls of identify
 m - a scroll of enchant weapon {unknown}
 o - 2 scrolls of fog {unknown}
 p - 2 scrolls of immolation {unknown}
 q - a scroll of magic mapping {unknown}
 r - 2 scrolls of enchant armour {unknown}
 y - a scroll of amnesia {unknown}
 B - a scroll of teleportation {unknown}
Potions
 c - a potion of flight {unknown}
 e - a potion of curing {unknown}
 k - a potion of cancellation {unknown}
 s - a potion of invisibility {unknown}
 t - a potion of agility {unknown}
 u - a potion of degeneration {unknown}
 v - 2 potions of resistance
Comestibles
 d - 7 rations


   Skills:
 + Level 4.3 Dodging
 - Level 2.4 Stealth
 + Level 6.1 Spellcasting
 + Level 3.5 Conjurations
   Level 1.1 Summonings
 - Level 3.0 Translocations
 + Level 3.8 Fire Magic
 - Level 2.3 Air Magic
 - Level 2.3 Poison Magic


You had 9 spell levels left.
You knew the following spells:

 Your Spells              Type           Power        Failure   Level  Hunger
a - Magic Dart            Conj           ####         1%          1    None
b - Blink                 Tloc           N/A          3%          2    None
c - Conjure Flame         Conj/Fire      ####....     4%          3    None
d - Mephitic Cloud        Conj/Pois/Air  ###.....     7%          3    None

Your spell library contained the following spells:

 Spells                   Type           Power        Failure   Level  Hunger
 Slow                     Hex            #.......     11%         2    None
 Call Imp                 Summ           ##......     7%          2    None


Dungeon Overview and Level Annotations

Branches:
Dungeon (5/15)
 Temple: D:4-7

Altars:

Shops:
D:4 *

Annotations:
D:3 Robin


Message History

The worker ant bites you.
You are poisoned.
The worker ant poisons you!
You feel sick.
You feel sick.
You feel sick. The worker ant bites you.
You feel sick.
You feel sick. The worker ant bites you!
You feel sick.
You feel sick. The worker ant bites you!
* * * LOW HITPOINT WARNING * * *
You are more poisoned.
The worker ant poisons you!
Casting: Magic Dart (safe; 1% risk of failure)
Confirm with . or Enter, or press ? or * to list all spells.
You blink.
The gnoll hits you with a club!
You die...

#. #...............#
#.###.#...##.#......#
#...).##........<...#
###..#######<####.#.#
#..# #. .#.# #.ยง# #.
.# #.a# #. .# #..###
.# #.@..# .# #.g#.#
.. #..#.# #.g#.# #
#..#.# .#
#..#.##.####
#...........
##..........
#.#.##.....


You could see a worker ant and 2 gnolls.

Vanquished Creatures
  Pikel (D:4)
  2 slaves (D:4)
  The ghost of crawlian the Insei, a weakling OpTm (D:4)
  A centaur skeleton (D:5)
  Ijyb (D:4)
  2 gnolls (D:5)
  2 adders (D:2)
  An adder zombie (D:5)
  2 worms
  2 leopard geckos
  4 orcs (D:3)
  3 giant cockroaches
  22 goblins
  6 hobgoblins
  3 jackals (D:4)
  2 ball pythons
  6 bats
  2 frilled lizards
  12 kobolds
  A leopard gecko skeleton (D:5)
  6 rats
82 creatures vanquished.

Notes
Turn   | Place    | Note
-------+----------+-------------------------------------------
     0 | D:1      | pk666 the Deep Elf Wizard began the quest for the Orb.
     0 | D:1      | Reached XP level 1. HP: 10/10 MP: 7/7
   430 | D:1      | Reached XP level 2. HP: 15/15 MP: 6/9
   483 | D:1      | Learned a level 2 spell: Blink
   721 | D:2      | Reached skill level 5 in Spellcasting
   721 | D:2      | Reached XP level 3. HP: 11/19 MP: 5/11
   923 | D:2      | Learned a level 3 spell: Conjure Flame
   927 | D:2      | Learned a level 3 spell: Mephitic Cloud
  2327 | D:3      | Reached XP level 4. HP: 24/24 MP: 7/13
  2357 | D:3      | Noticed Robin
  2732 | D:3      | Reached skill level 1 in Fire Magic
  3664 | D:4      | Found Abuwnopt's General Store.
  3665 | D:4      | Noticed crawlian's ghost (weakling OpTm)
  3681 | D:4      | Killed crawlian's ghost
  3681 | D:4      | Reached skill level 1 in Air Magic
  3681 | D:4      | Reached skill level 1 in Poison Magic
  3781 | D:4      | Bought a scroll of remove curse for 36 gold pieces
  3860 | D:4      | Noticed a slave
  3860 | D:4      | Noticed a slave
  3861 | D:4      | Noticed a slave
  3862 | D:4      | Noticed a slave
  4205 | D:4      | Reached XP level 5. HP: 28/28 MP: 7/14
  4375 | D:4      | Noticed Ijyb
  4498 | D:4      | Killed Ijyb
  4797 | D:4      | Noticed Pikel
  4978 | D:4      | Killed a slave
  5662 | D:4      | Killed a slave
  5794 | D:4      | Killed Pikel
  5794 | D:4      | Reached XP level 6. HP: 12/32 MP: 3/16
  5794 | D:4      | Reached XP level 7. HP: 13/36 MP: 3/17
  6216 | D:5      | Entered Level 5 of the Dungeon
  6277 | D:5      | Reached skill level 6 in Spellcasting
  6357 | D:5      | Mangled by a gnoll

Vault maps used:
D:1:      dpeg_arrival_erosion
D:2:      first_ration
D:3:      uniq_robin
D:4:      kennysheep_goblin_castle, serial_co_window_serial, co_window_paths_a,
          co_window_paths_b, co_window_of_opportunity_a, co_window_corner_a,
          co_window_of_opportunity_a, co_window_broadway_c, co_window_corner_b,
          co_window_2corner, co_window_cross_3, co_window_unsneaky_path_c,
          glass_columns_c, glass_columns_c, glass_columns_b, serial_shops,
          nicolae_shop_waterfront, feat_on_display, uniq_pikel
D:5:      chequers_temple_overflow_minitemple, cheibrodos_sewer_entry_drain,
          grunt_dithmenos_shadows

Skill      XL: |  1  2  3  4  5  6  7 |
---------------+----------------------+-----
Conjurations   | 2 3 |  3.5
Spellcasting   | 5 6 |  6.1
Dodging        | 3 4 |  4.3
Fire Magic     | 1 3 |  3.8
Air Magic      | 1 2 |  2.3
Poison Magic   | 1 2 |  2.3
Translocations | 2 3 |  3.0
Stealth        | |  2.4
Summonings     | |  1.1

Action                   |  1- 3 |  4- 6 |  7- 9 || total
-------------------------+-------+-------+-------++-------
Melee: Dagger            |       |     9 |       ||     9
 Cast: Magic Dart        |   109 |   115 |    22 ||   246
       Conjure Flame     |     3 |    10 |     1 ||    14
       Mephitic Cloud    |       |    16 |     1 ||    17
       Blink             |       |     6 |     1 ||     7
  Use: Scroll            |       |     2 |     1 ||     3
 Stab: Confused          |       |     2 |       ||     2
  Eat: Chunk             |     4 |     8 |       ||    12
       Ration            |       |     1 |       ||     1
Armor: Robe              |     2 |     3 |       ||     5
Dodge: Dodged            |     4 |    10 |     6 ||    20

Table legend:
 A = Spawn XP
 B = Non-spawn XP
 C = Spawn XP percentage of total XP
 D = Spawn monster count
 E = Non-spawn monster count
 F = Spawn count percentage of total count
 G = Total turns spent on level
                    A         B        C        D         E        F      G
               +---------+---------+-------+---------+---------+-------+---------
         Total |       0 |     967 |   0.0 |       0 |      80 |   0.0 |  6357
               +---------+---------+-------+---------+---------+-------+---------
           D:1 |       0 |      16 |   0.0 |       0 |      11 |   0.0 |   642
           D:2 |       0 |      53 |   0.0 |       0 |      18 |   0.0 |  1258
           D:3 |       0 |      61 |   0.0 |       0 |      31 |   0.0 |  2479
           D:4 |       0 |     763 |   0.0 |       0 |      15 |   0.0 |  1837
           D:5 |       0 |      74 |   0.0 |       0 |       5 |   0.0 |   141
               +---------+---------+-------+---------+---------+-------+---------
